 Dungeon Crawl Stone Soup version 0.17-a0-755-g4391640 (webtiles) character file.

70 oplop the Sneak (level 4, 0/27 HPs)
             Began as a Kobold Assassin on Apr 22, 2015.
             Slain by Natasha (8 damage)
             ... on level 2 of the Dungeon.
             The game lasted 00:03:00 (1246 turns).

oplop the Sneak (Kobold Assassin)                   Turns: 1246, Time: 00:03:01

Health: 0/27       AC:  3    Str:  9    XL:     4   Next: 45%
Magic:  4/4        EV: 15    Int: 11    God:
Gold:   58         SH:  0    Dex: 18    Spells: 0 memorised, 3 levels left

rFire  . . .     SeeInvis .     a - +2 dagger
rCold  . . .     Clarity  .     c - +0 robe
rNeg   . . .     SustAb   .     (shield restricted)
rPois  .         Gourm    .     (no helmet)
rElec  .         Spirit   .     d - +0 cloak
rCorr  .         Warding  .     (no gloves)
rMut   .         Stasis   .     (no boots)
MR     .....                    (no amulet)
Stlth  ++++......               (no ring)
                                n - +2 ring of intelligence

@: slowed, very slow, not resistant to hostile enchantments, stealthy
A: carnivore 3
a: no special abilities


You were on level 2 of the Dungeon.
You were very full.

You visited 1 branch of the dungeon, and saw 2 of its levels.

You collected 58 gold pieces.

Inventory:

Hand weapons
 a - a +2 dagger (weapon)
 b - a +0 blowgun
 h - a +1 short sword of holy wrath
Missiles
 e - 18 poisoned needles
 f - 2 curare-tipped needles
Armour
 c - a +0 robe (worn)
 d - a +0 cloak (worn)
Jewellery
 n - a +2 ring of intelligence (left hand)
Scrolls
 k - a scroll of amnesia {unknown}
 m - a scroll of identify {unknown}
Potions
 i - a potion of invisibility {unknown}
 j - a potion of flight {unknown}
 l - a potion of ambrosia
 o - a potion of heal wounds {unknown}
Comestibles
 g - a meat ration


   Skills:
 + Level 2.7 Fighting
 + Level 2.5 Short Blades
 - Level 2.6 Throwing
 + Level 2.5 Dodging
 + Level 6.0 Stealth


You had 3 spell levels left.
You didn't know any spells.

Dungeon Overview and Level Annotations

Branches:
Dungeon (2/15)

Altars:

Annotations:
D:2 Natasha


Innate Abilities, Weirdness & Mutations

You are small and have problems with some larger weapons.
You are carnivorous and can eat meat at any time.


Message History

Firing (i - inventory. (,) - cycle):
e - 19 poisoned needles (quivered)
Press: ? - help, Shift-Dir - straight line, f/p - Natasha
Aim: Natasha (moderately wounded, poisoned)
You shoot a poisoned needle. The poisoned needle hits Natasha!
Natasha looks even sicker.
Natasha is moderately wounded.
a - a +2 dagger (weapon)
Natasha stares at you and mumbles some strange words.
You feel yourself slow down.
Natasha drinks a potion.
Natasha is healed!
You hit the shadow imp.
The shadow imp is moderately wounded.
The shadow imp hits you. Natasha closely misses you.
You hit Natasha.
Natasha is heavily wounded.
The shadow imp gestures at you. Pain shoots through your body!
* * * LOW HITPOINT WARNING * * *
Natasha claws you!
You die...

.........>.........
.....#.#........###..
....(.+...............
.....(.#####..#.#......
........# #..#.#.###.#
...?%..(# #..#...#<#.#
.......(# #........#.#
.......h5# #........#.#
........@#####+#.####.#.#
######...........# ....#
#.###.......# ###.# #.
#)......# .# #
#.......########
#.......#.......
#.......#.##)...
#.......#.##....
#.........##....


You could see Natasha and a shadow imp.

Vanquished Creatures
  Natasha (D:2)
  An adder (D:2)
  4 bats
  8 goblins
  5 hobgoblins
  5 jackals (D:1)
  2 kobolds
  A quokka (D:2)
  2 ball pythons
  5 giant newts
  A rat (D:2)
35 creatures vanquished.

Notes
Turn   | Place    | Note
--------------------------------------------------------------
     0 | D:1      | oplop, the Kobold Assassin, began the quest for the Orb.
     0 | D:1      | Reached XP level 1. HP: 12/12 MP: 1/1
    33 | D:1      | Reached skill level 1 in Short Blades
   249 | D:1      | Reached XP level 2. HP: 13/18 MP: 2/2
   695 | D:1      | Reached XP level 3. HP: 22/22 MP: 3/3
  1082 | D:2      | Noticed Natasha
  1110 | D:2      | Killed Natasha
  1110 | D:2      | Reached skill level 6 in Stealth
  1110 | D:2      | Reached XP level 4. HP: 15/27 MP: 4/4
  1236 | D:2      | Noticed Natasha
  1246 | D:2      | Slain by Natasha

Action                   |  1- 3 |  4- 6 || total
-------------------------+-------+-------++-------
Melee: Dagger            |    50 |    23 ||    73
       Short sword       |    23 |       ||    23
 Fire: Blowgun           |    18 |     6 ||    24
  Use: Potion            |     1 |       ||     1
 Stab: Sleeping          |     7 |     1 ||     8
  Eat: Chunk             |     7 |     1 ||     8
